 Seeded DCSS version 0.29.1-15-g9cfb28693d (webtiles) character file.

Game seed: 8848703615492432762 (custom seed)

94117 tkbsonic5 the Fighter (level 16, -9/171 HPs)
             Began as a Tengu Enchanter on Mar 17, 2023.
             Was an Elder of Nemelex Xobeh.
             Mangled by an orc warrior
             ... wielding a +0 glaive
              (18 damage)
             ... on level 2 of the Orcish Mines on Mar 25, 2023.
             The game lasted 02:25:37 (38702 turns).

tkbsonic5 the Fighter (Tengu Enchanter)            Turns: 38702, Time: 02:25:37

Health: -9/171     AC: 28    Str: 18    XL:     16   Next: 10%
Magic:  20/23      EV:  2    Int: 17    God:    Nemelex Xobeh [****..]
Gold:   1538       SH:  0    Dex: 16    Spells: 2/22 levels left

rFire   . . .      SeeInvis .   z - +6 quick blade (freeze)
rCold   . . .      Faith    +   B - orb {*Rage} {Red Entropy (Ritual Sphere)}
rNeg    . . .      Spirit   .   (body armour currently unavailable)
rPois   +          Reflect  .   (helmet currently unavailable)
rElec   .          Harm     .   (cloak currently unavailable)
rCorr   .          Rampage  .   (gloves currently unavailable)
Will    +....      Rage     20% (boots unavailable)
Stlth   +++....... NoTele   +   o - amulet of faith {American Gnosis}
HPRegen 0.38/turn               a - ring of wizardry
MPRegen 0.18/turn               j - +6 ring of strength

@: tree-form (expiring), on berserk cooldown, slowed, very slow
A: stationary, stasis, torment immunity, boosted hp, (beak), (talons 3), nimble
flight, robust 1, screaming 1, weak 1
a: Renounce Religion, Draw Escape, Draw Destruction, Draw Summoning, Triple
Draw, Deal Four


You were on level 2 of the Orcish Mines.
You worshipped Nemelex Xobeh.
Nemelex Xobeh was greatly pleased with you.
You were a tree.
You visited 4 branches of the dungeon, and saw 23 of its levels.

You collected 2072 gold pieces.
You spent 534 gold pieces at shops.

Inventory:

Hand Weapons
 z - a +6 quick blade of freezing (weapon)
 I - a +2 glaive of protection
 U - a +0 great sword
Missiles
 d - 15 poisoned darts (quivered)
 T - a javelin
Armour
 g - a +2 chain mail
 q - a +0 cloak (melded)
 v - a +1 leather armour of fire resistance
 A - +0 steam dragon scales
 B - an orb of wrath (worn) {Red Entropy (Ritual Sphere)}
 E - a +2 robe of cold resistance
 G - +0 swamp dragon scales (melded)
 N - a +0 hat (melded)
 P - a +2 chain mail of cold resistance
 X - a +0 plate armour
Jewellery
 a - a ring of wizardry (left branch)
 h - a ring of protection from fire
 j - a +6 ring of strength (right branch)
 o - an amulet of faith (around neck) {American Gnosis}
 p - a ring of magical power
 s - a ring of magical power
 u - a ring of protection from cold
 C - an amulet of guardian spirit
 H - a ring of willpower
 J - a ring of poison resistance
 K - a ring of see invisible
 L - the ring of Azughuwa {*Corrode +Blink rC+ Int+3 SInv}
   (You acquired it on level 10 of the Dungeon)

   [ring of see invisible]

   Int:       It affects your intelligence (+3).
   rC:        It protects you from cold.
   SInv:      It lets you see invisible.
   +Blink:    It lets you blink.
   *Corrode:  It may corrode you when you take damage.
 M - a ring of resist corrosion
 O - a ring of protection from cold
Wands
 e - a wand of digging (6)
Scrolls
 i - 5 scrolls of identify
 t - 5 scrolls of amnesia
 x - a scroll of teleportation
 y - 2 scrolls of silence
 Q - a scroll of magic mapping
Potions
 c - 2 potions of mutation
 f - 2 potions of berserk rage
 k - a potion of brilliance
 r - a potion of lignification


   Skills:
 * Level 13.0 Fighting
 - Level 7.5(8.1) Short Blades
 - Level 4.2(6.4) Long Blades
 - Level 2.9(3.2) Polearms
 - Level 2.2(2.9) Staves
 - Level 8.1 Ranged Weapons
 - Level 8.4 Throwing
 - Level 12.1 Armour
 * Level 12.7 Dodging
 - Level 4.6 Stealth
 + Level 3.6 Spellcasting
 * Level 4.8 Conjurations
 + Level 2.5 Hexes
 * Level 3.4 Summonings
 * Level 2.1 Necromancy
 + Level 1.3 Translocations
 + Level 2.0 Fire Magic
 + Level 1.8 Ice Magic
 * Level 4.3 Air Magic
 + Level 1.6 Poison Magic
 * Level 8.4 Invocations
 - Level 7.2 Evocations


You had 2 spell levels left.
You knew the following spells:

 Your Spells              Type           Power      Damage    Failure   Level
a - Magic Dart            Conj           76%        1d6       1%          1
b - Static Discharge      Conj/Air       18%        3-6/arc   1%          2
c - Mephitic Cloud        Conj/Pois/Air  15%        N/A       4%          3
d - Dazzling Flash        Conj/Hex       30%        N/A       4%          3
e - Vampiric Draining     Necr           10%        2d6       9%          3
f - Call Imp              Summ           14%        N/A       2%          2
g - Blink                 Tloc           14%        N/A       6%          2
h - Ensorcelled Hibernat  Hex/Ice        20%        N/A       4%          2
i - Scorch                Fire           20%        2d6       4%          2

Your spell library contained the following spells:

 Spells                   Type           Power      Damage    Failure   Level
 Slow                     Hex            44%        N/A       2%          1
 Apportation              Tloc           14%        N/A       4%          1
 Sublimation of Blood     Necr           10%        N/A       4%          2
 Confusing Touch          Hex            11%        N/A       7%          3
 Tukima's Dance           Hex            11%        N/A       7%          3
 Inner Flame              Hex/Fire       10%        N/A       8%          3
 Frozen Ramparts          Ice            18%        1d3       9%          3
 Gell's Gravitas          Tloc           7%         N/A       12%         3
 Lesser Beckoning         Tloc           7%         N/A       12%         3
 Teleport Other           Tloc           7%         N/A       12%         3
 Flame Wave               Conj/Fire      14%        2d6       16%         4
 Sticky Flame             Conj/Fire      14%        2d4       16%         4
 Cause Fear               Hex            5%         N/A       22%         4
 Summon Ice Beast         Ice/Summ       12%        N/A       22%         4
 Anguish                  Hex/Necr       5%         N/A       24%         4
 Animate Dead             Necr           10%        N/A       26%         4
 Dispel Undead            Necr           10%        3d9       26%         4
 Ice Form                 Ice/Tmut       6%         N/A       41%         4
 Manifold Assault         Tloc           7%         N/A       69%         5
 Alistair's Intoxication  Tmut/Pois      3%         N/A       75%         5
 Summon Cactus Giant      Summ           7%         N/A       91%         6
 Dispersal                Tloc           3%         N/A       99%         6
 Borgnjor's Revivificati  Necr           5%         N/A       100%        8
 Discord                  Hex            5%         N/A       100%        8


Dungeon Overview and Level Annotations

Branches:
Dungeon (15/15)            Temple (1/1) D:4            Lair (5/5) D:8
 Shoals (0/4) Lair:2        Snake (0/4) Lair:2        Slime (0/5) Lair:5
    Orc (2/2) D:11         Vaults (0/5) D:14
    Elf: Orc:2       Depths: D:15

Altars:
Ashenzari
Cheibriados
Dithmenos
Elyvilon
Fedhas
Gozag
Hepliaklqana
Kikubaaqudgha
Makhleb
Nemelex Xobeh
Okawaru
Qazlal
Ru
Sif Muna
Trog
Uskayaw
Vehumet
Wu Jian
Xom
Yredelemnul
Zin
The Shining One
Jiyva

Shops:
D:4 !   D:8 [??   D:10 =

Annotations:
D:5 3 runed translucent doors, roninjake's ghost, amateur MiFi
D:8 exclusion: 3 oklob plants
D:9 4 transporters
Lair:3 2 transporters, Xetihies's ghost, journeyman HOFi
Abyss:1 Frances


Innate Abilities, Weirdness & Mutations

You are a tree.
Your roots penetrate the ground, keeping you stationary.
You cannot be teleported.
You are immune to unholy pain and torment.
Your maximum health is greatly increased.
Your equipment is partially melded.
((You have a beak for a mouth.))
((You have claws for feet.))
Your magical nature lets you fly swiftly and evasively.
You are robust. (+10% HP)
You occasionally shout uncontrollably at your foes.
You are weak. (Str -2)


Message History

You are struck by an arc of lightning.
* * * LOW HITPOINT WARNING * * *
The orc knight is struck by an arc of lightning.
The orc knight is heavily wounded.
The lightning grounds out.
You hear a shout! x3
The orc wizard hits you but does no damage.
The orc knight hits you with a +0 great mace!
* * * LOW HITPOINT WARNING * * *
The orc high priest hits you but does no damage.
The orc priest barely misses the orc wizard.
The orc warrior hits you but does no damage. x2
The orc priest screams, "I'll kill you anyway!"
The orc priest barely misses the orc wizard.
The orc wizard hits you but does no damage.
The orc priest completely misses you.
The orc high priest starts to sing a prayer.
The orc high priest hits you but does no damage.
The orc knight hits you with a +0 great mace!
* * * LOW HITPOINT WARNING * * *
You feel better.
Your transformation is almost over.
The orc warrior hits you but does no damage.
The orc priest calls upon Beogh to heal the orc high priest.
The orc high priest is healed somewhat.
The orc knight hits you but does no damage.
The orc wizard hits you with a +0 dagger.
* * * LOW HITPOINT WARNING * * *
The orc high priest hits you but does no damage.
You feel better.
The orc wizard hits you but does no damage.
The orc priest mumbles some strange prayers to Beogh against you.
Beogh smites you!
* * * LOW HITPOINT WARNING * * *
The orc knight hits you but does no damage.
The orc high priest hits you but does no damage.
The orc priest looks braver for a moment.
The orc warrior hits you from afar with a +0 glaive!!
You die...
Your body glows slightly and disappears.

o...o.. #####....o###
#...[)[..... #.$.(....#
#..[(o).# ##..[([.# #
#....(o)## ###
#..(oooo.## #..
##.#)#♣o..# ### #
##)[...# ##.#.## ###[###
##### #....# ##...##
##.)..### ###.....###
##..)..).###..#......#
...#....)(.(.#........).#
......))....)#.#(#.))...#


You could see an orc knight, an orc high priest, 2 orc warriors, 3 orc priests
and an orc wizard (strong).

Vanquished Creatures
  Gastronok (D:11)
  An orc warlord (Orc:2)
  A broodmother (Orc:2)
  Snorg (Orc:2)
  A rakshasa (D:14)
  A great orb of eyes (D:12)
  A boulder beetle (Orc:2)
  3 vault guards (D:14)
  9 hydras
  5 catoblepae
  9 centaur warriors
  2 two-headed ogres
  6 death yaks (Lair:5)
  Urug (D:13)
  3 orc high priests (Orc:2)
  Nergalle (Lair:1)
  Sonja (Lair:4)
  A lindwurm (Lair:4)
  5 deep elf pyromancers
  4 orc knights
  4 orc sorcerers
  11 ugly things
  9 cyclopes
  4 manticores
  7 elephants
  3 black mambas
  3 merfolk sirens (Lair:2)
  A torpor snail (Lair:5)
  2 gargoyles
  Maggie (D:9)
  11 cane toads
  3 unseen horrors
  Psyche (D:8)
  2 freezing wraiths
  A tengu conjurer (D:12)
  8 komodo dragons
  4 rime drakes
  7 trolls
  A merfolk (Lair:2)
  3 meliai (D:14)
  A polar bear (shapeshifter) (D:14)
  4 polar bears
  Grinder (D:5)
  7 slime creatures (D:13)
  12 blink frogs
  5 wraiths
  4 wyverns
  5 shadows
  44 yaks
  Eustachio (D:5)
  2 basilisks (Lair:5)
  2 steam dragons
  16 vampire mosquitoes
  A swamp worm (D:12)
  3 nagas
  2 wargs (Orc:1)
  A two-headed ogre zombie (D:11)
  9 water moccasins
  2 acid dragons
  A floating eye (D:8)
  An ice beast (D:7)
  2 sky beasts
  3 black bears
  23 orc warriors
  7 wolves
  10 ogres
  11 centaurs
  2 phantoms (D:11)
  3 kobold brigands
  11 bullfrogs
  6 necrophages
  3 gnoll sergeants
  5 scorpions
  4 wights (D:9)
  3 killer bees (D:9)
  A troll zombie (D:11)
  An electric eel (D:8)
  7 howler monkeys
  A crimson imp (D:6)
  10 orc priests
  4 jellies
  2 gnoll boudas
  6 hounds
  Natasha (thrice) (D:2)
  4 iguanas
  17 orc wizards
  6 ogre zombies (D:11)
  7 adders
  22 gnolls
  A river rat (D:7)
  A white imp (D:8)
  An ufetubus (D:7)
  4 worms
  4 dart slugs
  48 orcs
  9 ball pythons
  7 endoplasms
  3 giant cockroaches
  8 goblins
  8 hobgoblins
  4 jackals
  22 kobolds
  4 quokkas
  7 bats
  3 frilled lizards
  2 goblin skeletons (D:11)
  4 goblin zombies (D:11)
  A hobgoblin skeleton (D:11)
  A hobgoblin zombie (D:11)
  17 orc zombies (D:11)
  7 rats
617 creatures vanquished.

Vanquished Creatures (collateral kills)
  A hydra (Lair:5)
  Erolcha (D:10)
  A vault guard (D:14)
  A two-headed ogre (D:12)
  2 orc knights (Orc:2)
  An orc sorcerer (Orc:2)
  An elephant (Lair:5)
  A black mamba (Lair:1)
  A cane toad (Lair:1)
  3 yaks
  2 basilisks (Lair:4)
  A naga (Lair:2)
  A water moccasin (Lair:1)
  An orc warrior (Orc:2)
  2 wolves (Lair:4)
  An ogre (Orc:2)
  A kobold brigand (D:10)
  Blork the orc (D:6)
  A bullfrog (Lair:1)
  An orc wizard (Orc:2)
  An adder (D:6)
  An ufetubus (D:6)
  4 kobolds (D:10)
31 creatures vanquished.

Vanquished Creatures (others)
  An ogre (Orc:1)
  An orc priest (Orc:2)
  An orc wizard (Orc:1)
  4 bushes
  54 fungi
  65 plants
126 creatures vanquished.

Grand Total: 774 creatures vanquished

Notes
Turn   | Place    | Note
-------+----------+-------------------------------------------
     0 | D:1      | tkbsonic5 the Tengu Enchanter began the quest for the Orb.
     0 | D:1      | Reached XP level 1. HP: 10/10 MP: 4/4
   324 | D:1      | Reached XP level 2. HP: 16/16 MP: 6/6
   662 | D:1      | Reached skill level 1 in Armour
   662 | D:1      | Reached XP level 3. HP: 15/20 MP: 7/7
   963 | D:1      | Reached skill level 7 in Fighting
   963 | D:1      | Reached XP level 4. HP: 34/34 MP: 8/8
   964 | D:1      | Reached skill level 5 in Dodging
   964 | D:1      | Gained mutation: Your magical nature lets you fly swiftly
                  | and evasively. [Tengu growth]
   964 | D:1      | Reached XP level 5. HP: 38/38 MP: 9/9
  1017 | D:2      | Got the Catalogue of Evil and the Blaze
  1277 | D:2      | Noticed Natasha
  1279 | D:2      | Killed Natasha
  1339 | D:2      | Noticed Natasha
  1343 | D:2      | Killed Natasha
  1344 | D:2      | Reached XP level 6. HP: 44/44 MP: 10/10
  1423 | D:2      | Noticed Natasha
  1428 | D:2      | Killed Natasha
  1796 | D:3      | Noticed a black bear
  1822 | D:3      | Killed a black bear
  2276 | D:3      | Reached XP level 7. HP: 48/48 MP: 11/11
  2970 | D:4      | Found a staircase to the Ecumenical Temple.
  2994 | Temple   | Entered the Ecumenical Temple
  3125 | Temple   | Became a worshipper of Nemelex Xobeh the Trickster
  3321 | D:4      | Found a hazy altar of Hepliaklqana.
  3322 | D:4      | Found a shimmering altar of Xom.
  3323 | D:4      | Noticed a spectral ugly thing
  3390 | D:4      | Found Sohani Liatt's Distillery.
  3401 | D:4      | Bought a potion of heal wounds for 60 gold pieces
  3401 | D:4      | Bought a potion of mutation for 96 gold pieces
  3401 | D:4      | Bought a potion of heal wounds for 60 gold pieces
  3401 | D:4      | Gained mutation: You occasionally shout uncontrollably at
                  | your foes. [potion of mutation]
  3401 | D:4      | Gained mutation: You are robust. (+10% HP) [potion of
                  | mutation]
  3401 | D:4      | Gained mutation: You are weak. (Str -2) [potion of
                  | mutation]
  3652 | D:5      | Entered Level 5 of the Dungeon
  3679 | D:5      | Noticed roninjake's ghost (amateur MiFi)
  3680 | D:5      | Found a runed translucent gate.
  3921 | D:5      | Found a runed translucent gate.
  3932 | D:5      | Found a runed translucent gate.
  4046 | D:5      | Reached skill level 1 in Ranged Weapons
  4046 | D:5      | Reached XP level 8. HP: 58/58 MP: 12/12
  4200 | D:5      | Noticed Edmund
  4200 | D:5      | Noticed Grinder
  4523 | D:5      | Reached * piety under Nemelex Xobeh
  4620 | D:5      | Received a gift from Nemelex Xobeh
  4702 | D:5      | Noticed Edmund
  4702 | D:5      | Edmund changed into Edmund the hound
  4709 | D:5      | Killed Edmund the hound
  4710 | D:5      | Reached skill level 5 in Armour
  4715 | D:5      | Paralysed by Grinder for 3 turns
  4723 | D:5      | Killed Grinder
  4772 | D:5      | Noticed Eustachio
  4781 | D:5      | Killed Eustachio
  5364 | D:6      | Noticed Blork the orc
  5371 | D:6      | Killed Blork the orc
  5372 | D:6      | Reached XP level 9. HP: 55/64 MP: 13/13
  5641 | D:6      | Reached ** piety under Nemelex Xobeh
  6198 | D:7      | Identified a scroll of acquirement
  6198 | D:7      | Acquired a +2 quick blade
  6206 | D:7      | Reached skill level 8 in Fighting
  6559 | D:7      | Found a bloodstained altar of Trog.
  7180 | D:7      | Identified the +8 plate armour of the Skies Above {-Cast
                  | Harm rC++}
  7655 | D:8      | Found Yfymymn's Antique Armour Shoppe.
  7690 | D:8      | Noticed an oklob plant
  8009 | D:8      | Noticed an oklob plant
  8342 | D:8      | Found Baggoem's Magic Scroll Boutique.
  8351 | D:8      | Bought a scroll of teleportation for 42 gold pieces
  8351 | D:8      | Bought a scroll of fear for 56 gold pieces
  8412 | D:8      | Reached XP level 10. HP: 58/70 MP: 14/14
  8489 | D:8      | Reached skill level 1 in Invocations
  8489 | D:8      | Reached skill level 1 in Evocations
  8561 | D:8      | Found Bumad's Magic Scroll Boutique.
  8747 | D:8      | Found a staircase to the Lair.
  9130 | D:8      | Noticed an oklob plant
  9228 | D:8      | Found a broken altar of Ashenzari.
  9228 | D:8      | Found a shadowy altar of Dithmenos.
  9228 | D:8      | Noticed Psyche
  9231 | D:8      | Found a shimmering blue altar of Sif Muna.
  9237 | D:8      | Killed Psyche
  9243 | D:8      | Found a glowing golden altar of the Shining One.
  9245 | D:8      | Found a snail-covered altar of Cheibriados.
  9245 | D:8      | Reached *** piety under Nemelex Xobeh
  9382 | D:8      | Found a hide-covered altar of Uskayaw.
  9383 | D:8      | Found a stormy altar of Qazlal.
  9385 | D:8      | Found a blossoming altar of Fedhas.
  9389 | D:8      | Found a burning altar of Makhleb.
  9390 | D:8      | Found a white marble altar of Elyvilon.
  9654 | D:9      | Found a transporter.
  9658 | D:9      | Found a transporter.
 10582 | D:9      | Found a transporter.
 10690 | D:9      | Found a radiant altar of Vehumet.
 11034 | D:9      | Noticed Maggie
 11058 | D:9      | Killed Maggie
 11059 | D:9      | Reached skill level 9 in Fighting
 11127 | D:9      | Found a transporter.
 11188 | D:10     | Entered Level 10 of the Dungeon
 11352 | D:10     | Noticed a two-headed ogre
 11377 | D:10     | Killed a two-headed ogre
 11378 | D:10     | Reached XP level 11. HP: 78/78 MP: 15/15
 11855 | D:10     | Received a gift from Nemelex Xobeh
 11941 | D:10     | Received a gift from Nemelex Xobeh
 12189 | D:10     | Found Xonascho's Jewellery Shoppe.
 12196 | D:10     | Bought a ring of poison resistance for 220 gold pieces
 12450 | D:10     | Reached **** piety under Nemelex Xobeh
 12900 | D:10     | Noticed Erolcha
 12908 | D:10     | Killed Erolcha
 13035 | D:10     | Acquired the ring of Azughuwa {*Corrode +Blink rC+ Int+3
                  | SInv}
 13037 | D:10     | Acquired a ring of see invisible
 13323 | D:11     | Found a white marble altar of Elyvilon.
 13444 | D:11     | Noticed a cyclops
 13448 | D:11     | Killed a cyclops
 13569 | D:11     | Noticed Gastronok
 13600 | D:11     | Killed Gastronok
 14139 | D:11     | Received a gift from Nemelex Xobeh
 14163 | D:11     | Found a staircase to the Orcish Mines.
 14190 | D:11     | Noticed a cyclops
 14203 | D:11     | Killed a cyclops
 14366 | D:11     | Reached XP level 12. HP: 84/84 MP: 16/16
 14461 | D:11     | Reached skill level 10 in Fighting
 14909 | D:11     | Identified the +9 quarterstaff of Uvacor {flame, rF++
                  | Stlth+}
 15031 | Lair:1   | Entered Level 1 of the Lair of Beasts
 15032 | Lair:1   | Received a gift from Nemelex Xobeh
 15286 | Lair:1   | Reached skill level 1 in Staves
 16158 | Lair:1   | Reached skill level 5 in Invocations
 16349 | Lair:1   | Received a gift from Nemelex Xobeh
 16836 | Lair:1   | Noticed Nergalle
 16908 | Lair:1   | Reached skill level 5 in Evocations
 17230 | Lair:1   | Killed Nergalle
 17451 | Lair:2   | Reached ***** piety under Nemelex Xobeh
 17995 | Lair:2   | Noticed a seven-headed hydra
 17998 | Lair:2   | Killed a seven-headed hydra
 18013 | Lair:2   | Found a staircase to the Shoals.
 18013 | Lair:2   | Received a gift from Nemelex Xobeh
 18550 | Lair:2   | Received a gift from Nemelex Xobeh
 18688 | Lair:2   | Received a gift from Nemelex Xobeh
 19017 | Lair:2   | Found a staircase to the Snake Pit.
 19017 | Lair:2   | Noticed a seven-headed hydra
 19022 | Lair:2   | a seven-headed hydra changed into a manticore
 19024 | Lair:2   | Reached skill level 10 in Dodging
 19071 | Lair:2   | Reached XP level 13. HP: 91/91 MP: 18/18
 19792 | Lair:2   | Reached skill level 5 in Ranged Weapons
 20780 | Lair:3   | Reached skill level 11 in Fighting
 20938 | Lair:3   | Reached skill level 10 in Armour
 20964 | Lair:3   | Received a gift from Nemelex Xobeh
 21243 | Lair:3   | Found a transporter.
 21245 | Lair:3   | Noticed Xetihies's ghost (journeyman HOFi)
 21247 | Lair:3   | Found a transporter.
 21265 | Lair:3   | Received a gift from Nemelex Xobeh
 22087 | Lair:4   | Received a gift from Nemelex Xobeh
 22274 | Lair:4   | Noticed Sonja
 22275 | Lair:4   | Killed Sonja
 22424 | Lair:4   | Received a gift from Nemelex Xobeh
 23051 | Lair:5   | Entered Level 5 of the Lair of Beasts
 23819 | Lair:5   | Reached XP level 14. HP: 99/99 MP: 20/20
 24104 | Lair:5   | Reached ****** piety under Nemelex Xobeh
 24995 | Lair:5   | Found a staircase to the Slime Pits.
 24997 | Lair:5   | Found a viscous altar of Jiyva.
 25820 | Lair:5   | Identified the +3 flail of Mana {protect, Dex+4}
 25887 | Lair:5   | Reached skill level 12 in Fighting
 26358 | Lair:5   | Identified the +2 robe of Wacvaora {rElec Slay+3 Archmagi}
 27448 | D:12     | Received a gift from Nemelex Xobeh
 27990 | D:12     | Identified the +3 demon trident of Oily Integrity {freeze,
                  | Str+6}
 28692 | D:12     | Found Siommegu's General Store.
 29032 | D:12     | HP: 4/101 [acid (10)]
 31078 | D:12     | Received a gift from Nemelex Xobeh
 31502 | D:12     | Noticed Frances
 31506 | D:12     | Banished Frances
 31804 | D:13     | Reached XP level 15. HP: 106/106 MP: 21/21
 32051 | D:13     | Noticed Urug
 32072 | D:13     | Killed Urug
 32671 | D:13     | Learned a level 1 spell: Magic Dart
 32674 | D:13     | Learned a level 2 spell: Static Discharge
 32678 | D:13     | Learned a level 3 spell: Mephitic Cloud
 32682 | D:13     | Learned a level 3 spell: Dazzling Flash
 32686 | D:13     | Learned a level 3 spell: Vampiric Draining
 32689 | D:13     | Learned a level 2 spell: Call Imp
 32692 | D:13     | Learned a level 2 spell: Blink
 32695 | D:13     | Learned a level 2 spell: Ensorcelled Hibernation
 32777 | D:13     | Reached skill level 1 in Polearms
 33037 | D:13     | Reached skill level 1 in Conjurations
 33573 | D:14     | Received a gift from Nemelex Xobeh
 33585 | D:14     | Found a gate to the Vaults.
 33588 | D:14     | Reached skill level 1 in Summonings
 33588 | D:14     | Reached skill level 1 in Air Magic
 33595 | D:14     | Reached skill level 1 in Necromancy
 33846 | D:14     | Reached skill level 1 in Poison Magic
 33937 | D:14     | Reached skill level 1 in Ice Magic
 34388 | D:14     | Reached skill level 1 in Translocations
 35203 | D:14     | Found a glowing golden altar of the Shining One.
 35364 | D:15     | Entered Level 15 of the Dungeon
 35364 | D:15     | Found a bloodstained altar of Trog.
 35635 | Orc:1    | Entered Level 1 of the Orcish Mines
 35931 | D:11     | Learned a level 2 spell: Scorch
 36471 | Orc:1    | Reached skill level 1 in Fire Magic
 37028 | Orc:1    | Received a gift from Nemelex Xobeh
 37101 | Orc:2    | Entered Level 2 of the Orcish Mines
 37102 | Orc:2    | Noticed Snorg
 37113 | Orc:2    | Killed Snorg
 37602 | Orc:2    | Received a gift from Nemelex Xobeh
 37862 | Orc:2    | Reached skill level 13 in Fighting
 38143 | Orc:2    | Noticed an orc warlord
 38172 | Orc:2    | Reached XP level 16. HP: 81/114 MP: 12/23
 38700 | Orc:2    | HP: 6/171 [orc knight/+0 great mace (11)]
 38702 | Orc:2    | Mangled by an orc warrior

Illustrated notes

Levels and vault maps discovered:
D:1:      minmay_arrival_widening_spiral_wide, layout_basic
D:2:      layout_loops_ring, kennysheep_nondescript, uniq_natasha
D:3:      layout_basic, hangedman_decor_lopped, kennysheep_generic_room_9
D:4:      layout_basic, regret_index_temple_of_mockery,
          minmay_temple_entry_junction_2, serial_shops, nicolae_shop_stone
D:5:      layout_layer_cave, gammafunk_ghost_split, minmay_hedge_maze,
          uniq_edmund, uniq_eustachio, uniq_grinder
D:6:      layout_basic, hangedman_abyss_or_decor_stagger,
          minmay_misc_feat_roman, uniq_blork_the_orc
D:7:      layout_loops_ring, lemuel_coloured_pillars_altar
D:8:      layout_basic, nicolae_overflow_hallway_of_the_gods,
          grunt_lair_entry_orc_guard_hut, nicolae_ossuary_entry_plus,
          serial_shops, nicolae_take_the_stairs, shop,
          nicolae_shop_advertising_works [nicolae_subvault_shop_adworks],
          fungi_pond_lemuel, disabler_island, uniq_psyche
D:9:      layout_rooms, nicolae_vehumet_altar_sigil, nicolae_transporter_circle,
          uniq_maggie
D:10:     layout_stronghold, serial_shops, nicolae_shop_stone, uniq_erolcha
D:11:     layout_basic, zombieorc2_lemuel, elyvilon_altar_5, uniq_gastronok
D:12:     minmay_crescents, layout_basic, serial_shops, shop,
          minmay_fractal_squares_5, uniq_frances
D:13:     layout_basic, gauntlet_entry_generic, uniq_urug
D:14:     layout_loops_cross, lightli_vaults_fourway_checkpoint,
          nicolae_tso_swordbearing_angel
D:15:     hangedman_depths_entry_try_elsewhere_first, layout_loops_cross,
          serial_bayou_ford_a, special_room [special_room_orc],
          trog_ov_bears_minmay, uniq_azrael
Temple:   nicolae_temple_superstar
Lair:1:   layout_concentric_octagons, st_stairs_13, infiniplex_staircase_pool_2,
          uniq_nergalle
Lair:2:   layout_cave_pods, elwin_shoals_entry_stream,
          minmay_snake_entry_guardpost_small, chequers_serial_rivers_micro_d,
          serial_bayou_shore_b
Lair:3:   layout_regular_city, gammafunk_ghost_hive, roderic_carrion_pond
Lair:4:   layout_hall_layers, uniq_sonja
Lair:5:   evilmike_catoblepas_cave, layout_layer_cave, slime_entry_1,
          enter_volcano_1
Orc:1:    layout_caves, basic_altar
Orc:2:    st_orc_congregation, layout_diamond_mine, rock_pile, uniq_snorg

Skill      XL: |  1  2  3  4  5  6  7  8  9 10 11 12 13 14 15 16 |
---------------+-------------------------------------------------+-----
Armour         | 1 4 5 7 8 9 10 11 12 | 12.1
Fighting       | 7 8 9 10 11 12 13 | 13.0
Throwing       | 7 8 |  8.4
Short Blades   | 6 7 |  7.5
Long Blades    | 4 |  4.2
Dodging        | 5 6 7 8 10 11 12 | 12.7
Ranged Weapons | 1 2 3 4 6 8 |  8.1
Invocations    | 2 4 5 6 7 8 |  8.4
Evocations     | 2 4 5 7 |  7.2
Staves         | 2 |  2.2
Polearms       | 2 |  2.9
Conjurations   | 4 |  4.8
Summonings     | 3 |  3.4
Air Magic      | 4 |  4.3
Necromancy     | 1 2 |  2.1
Poison Magic   | 1 |  1.6
Stealth        | 4 |  4.6
Ice Magic      | 1 |  1.8
Translocations | 1 |  1.3
Spellcasting   | 3 |  3.6
Fire Magic     | 1 2 |  2.0
Hexes          | |  2.5

Action                   |  1- 3 |  4- 6 |  7- 9 | 10-12 | 13-15 | 16-18 || total
-------------------------+-------+-------+-------+-------+-------+-------++-------
Melee: Dagger            |    44 |    43 |   123 |       |       |       ||   210
       Peck              |     9 |     6 |    49 |   155 |   325 |    13 ||   557
       Kick              |     9 |    13 |    91 |   271 |   559 |    22 ||   965
       Punch             |     2 |       |     4 |       |       |       ||     6
       Quick blade       |       |       |   132 |   628 |  1186 |    59 ||  2005
       Short sword       |       |       |     5 |       |       |       ||     5
       Quarterstaff      |       |       |       |     7 |       |       ||     7
       Glaive            |       |       |       |       |    14 |       ||    14
 Fire: Shortbow          |       |       |    11 |       |     4 |       ||    15
       Sling             |       |       |       |     4 |     7 |       ||    11
Throw: Dart              |     7 |     2 |    34 |    47 |   104 |    13 ||   207
       Boomerang         |    18 |    52 |    56 |       |       |       ||   126
       Javelin           |       |    11 |    25 |       |    19 |       ||    55
 Cast: Mephitic Cloud    |       |       |       |       |    18 |     6 ||    24
       Call Imp          |       |       |       |       |    10 |     1 ||    11
       Magic Dart        |       |       |       |       |     5 |       ||     5
       Ensorcelled Hiber |       |       |       |       |     4 |     2 ||     6
       Dazzling Flash    |       |       |       |       |     2 |     2 ||     4
       Blink             |       |       |       |       |     1 |       ||     1
       Vampiric Draining |       |       |       |       |       |     4 ||     4
       Static Discharge  |       |       |       |       |       |     2 ||     2
Invok: Draw Destruction  |       |       |     4 |    32 |    37 |       ||    73
       Draw Escape       |       |       |       |    12 |    16 |       ||    28
       Draw Summoning    |       |       |       |     6 |    16 |       ||    22
       Deal Four         |       |       |       |       |     3 |       ||     3
       Triple Draw       |       |       |       |       |     1 |       ||     1
Evoke: Wand              |       |       |    18 |    25 |    44 |       ||    87
  Use: Scroll            |     2 |     4 |    14 |    14 |    22 |       ||    56
       Potion            |     1 |     8 |    10 |     7 |    16 |    10 ||    52
 Stab: Invisible         |       |       |       |     3 |     7 |     4 ||    14
       Paralysed         |       |       |       |     2 |       |       ||     2
       Petrifying        |       |       |       |       |     2 |       ||     2
       Petrified         |       |       |       |       |     2 |       ||     2
       Distracted        |       |       |       |       |     1 |       ||     1
       Confused          |       |       |       |       |    12 |     3 ||    15
Armor: Robe              |     4 |       |       |       |       |       ||     4
       Chain mail        |     8 |    21 |    81 |   137 |   159 |       ||   406
       Skin              |       |       |       |       |    38 |    40 ||    78
       Swamp dragon scal |       |       |       |       |    36 |     2 ||    38
Dodge: Dodged            |    19 |    26 |    72 |   147 |   301 |    30 ||   595
